MID
LANSING LUGNUTS @ KANE COUNTY COUGARS
07/16/2099
 
TOP OF THE 1ST
Lansing Lugnuts batting - Pitching for Kane County Cougars : RHP Chris Heath
Pitching: RHP Chris Heath
Batting: LHB Hugh McPhearson 0-0: Called Strike
0-1: DOUBLE (Line Drive, 89XD, EV 105.0 MPH)
Batting: SHB Miguel Dominguez 0-0: Ball
1-0: SINGLE (Line Drive, 8LS, EV 105.0 MPH)
Hugh McPhearson to third
Runner from 3rd tries for Home, SAFE, throw by CF to home
Batting: LHB Jon Kuduk 0-0: Ball
Miguel Dominguez steals 2nd base
1-0: Fly out, F7 (Flyball, 7, EV 94.4 MPH)
Runner from 2nd tags up, SAFE at 3rd with throw by LF
Batting: RHB Devon Phillips 0-0: Called Strike
0-1: Ball
1-1: Ground out 5-3 (Groundball, 56, EV 88.1 MPH)
Miguel Dominguez scores
Batting: LHB Alex Rangel 0-0: Ball
1-0: Foul Ball, location: 3F
1-1: SINGLE (Groundball, 34D, EV 101.9 MPH)
Batting: RHB Jason McLaughlin 0-0: Ball
Alex Rangel steals 2nd base
1-0: Ball
2-0: Ball
3-0: Called Strike
3-1: Ground out U3 (Groundball, 3, EV 88.1 MPH)
Top of the 1st over - 2 runs, 3 hits, 0 errors, 1 left on base; Lansing 2 - Kane County 0
BOTTOM OF THE 1ST
Kane County Cougars batting - Pitching for Lansing Lugnuts : RHP August Wichsberger
Pitching: RHP August Wichsberger
Batting: RHB Travis Ramirez 0-0: Foul Ball, location: 5SF
0-1: Ball
1-1: Called Strike
1-2: Ground out 5-3 (Groundball, 5, EV 83.8 MPH)
Batting: LHB Aaron Quintanilla 0-0: Ground out 4-3 (Groundball, 34, EV 83.1 MPH)
Batting: RHB John Shirley 0-0: Ball
1-0: Called Strike
1-1: Ball
2-1: SINGLE (Groundball, 34D, EV 110.0 MPH)
Batting: LHB Luis Alvarez 0-0: Foul Ball, location: 7LSF
0-1: Called Strike
0-2: Fly out, F7 (Flyball, 7, EV 85.0 MPH)
Bottom of the 1st over - 0 runs, 1 hit, 0 errors, 1 left on base; Lansing 2 - Kane County 0
TOP OF THE 2ND
Lansing Lugnuts batting - Pitching for Kane County Cougars : RHP Chris Heath
Batting: LHB Danny Crane 0-0: Ball
1-0: Called Strike
1-1: Ball
2-1: Foul Ball, location: 5F
2-2: Foul Ball, location: 7LDF
2-2: DOUBLE (Flyball, 8LXD, EV 98.1 MPH)
Batting: LHB Will Houle 0-0: Swinging Strike
0-1: Ball
1-1: Ball
2-1: Fly out, F2 (Popup, 2R, EV 95.6 MPH)
Batting: RHB Travis St. Pierre 0-0: Foul Ball, location: 5F
0-1: Ball
1-1: Ball
2-1: Swinging Strike
2-2: Fly out, F9 (Flyball, 89M, EV 83.8 MPH)
Batting: LHB Hugh McPhearson 0-0: Called Strike
0-1: Fly out, F7 (Line Drive, 7LS, EV 91.3 MPH)
Top of the 2nd over - 0 runs, 1 hit, 0 errors, 1 left on base; Lansing 2 - Kane County 0
BOTTOM OF THE 2ND
Kane County Cougars batting - Pitching for Lansing Lugnuts : RHP August Wichsberger
Batting: SHB Brian Warfel 0-0: Foul Ball, location: 7LDF
0-1: Swinging Strike
0-2: Fly out, F5 (Popup, 5S, EV 80.6 MPH)
Batting: LHB Daniel Evans 0-0: Called Strike
0-1: Called Strike
0-2: Strikes out swinging, 2-3 out at first.
Batting: RHB Luke Arnold 0-0: SINGLE (Line Drive, 7LS, EV 101.3 MPH)
Batting: RHB Jim Unknown 0-0: Called Strike
0-1: Ball
1-1: Swinging Strike
1-2: Ball
2-2: Strikes out swinging
Bottom of the 2nd over - 0 runs, 1 hit, 0 errors, 1 left on base; Lansing 2 - Kane County 0
TOP OF THE 3RD
Lansing Lugnuts batting - Pitching for Kane County Cougars : RHP Chris Heath
Batting: SHB Miguel Dominguez 0-0: Ground out 1-3 (Groundball, 13S, EV 65.0 MPH)
Batting: LHB Jon Kuduk 0-0: Foul Ball, location: 2F
0-1: Called Strike
0-2: Strikes out swinging
Batting: RHB Devon Phillips 0-0: Foul Ball, location: 2F
0-1: Called Strike
0-2: Strikes out swinging
Top of the 3rd over - 0 runs, 0 hits, 0 errors, 0 left on base; Lansing 2 - Kane County 0
BOTTOM OF THE 3RD
Kane County Cougars batting - Pitching for Lansing Lugnuts : RHP August Wichsberger
Batting: RHB Jim Unknown 0-0: Ball
1-0: Foul Ball, location: 9LMF
1-1: Ground out 6-3 (Groundball, 6, EV 83.8 MPH)
Batting: RHB Travis Ramirez 0-0: Foul Ball, location: 5DF
0-1: Foul Ball, location: 9LMF
0-2: Ball
1-2: Ball
2-2: Strikes out swinging
Batting: LHB Aaron Quintanilla 0-0: Ball
1-0: Swinging Strike
1-1: Called Strike
1-2: Foul Ball, location: 2RF
1-2: Strikes out swinging
Bottom of the 3rd over - 0 runs, 0 hits, 0 errors, 0 left on base; Lansing 2 - Kane County 0
TOP OF THE 4TH
Lansing Lugnuts batting - Pitching for Kane County Cougars : RHP Chris Heath
Batting: LHB Alex Rangel 0-0: Foul Ball, location: 2LF
0-1: Ball
1-1: Swinging Strike
1-2: Foul Ball, location: 3F
1-2: Ball
2-2: Foul Ball, location: 5SF
2-2: Ground out 6-3 (Groundball, 6, EV 85.0 MPH)
Batting: RHB Jason McLaughlin 0-0: Ball
1-0: Foul Ball, location: 2F
1-1: Fly out, F6 (Line Drive, 6M, EV 66.3 MPH)
Batting: LHB Danny Crane 0-0: Called Strike
0-1: Ball
1-1: Called Strike
1-2: Foul Ball, location: 7LDF
1-2: Ball
2-2: Ground out 4-3 (Groundball, 4, EV 93.1 MPH)
Top of the 4th over - 0 runs, 0 hits, 0 errors, 0 left on base; Lansing 2 - Kane County 0
BOTTOM OF THE 4TH
Kane County Cougars batting - Pitching for Lansing Lugnuts : RHP August Wichsberger
Batting: RHB John Shirley 0-0: SINGLE (Line Drive, 8LS, EV 107.5 MPH)
Batting: LHB Luis Alvarez 0-0: Called Strike
0-1: Called Strike
0-2: Foul Ball, location: 23F
0-2: Ball
1-2: Strikes out swinging
Batting: SHB Brian Warfel 0-0: DOUBLE (Flyball, 78D, EV 95.0 MPH)
John Shirley to third
Batting: LHB Daniel Evans 0-0: Foul Ball, location: 2F
0-1: Ball
1-1: Swinging Strike
1-2: Ground out 4-3 (Groundball, 4, EV 103.1 MPH)
Batting: RHB Luke Arnold 0-0: Ball
1-0: Ground out 4-3 (Groundball, 34, EV 106.9 MPH)
Bottom of the 4th over - 0 runs, 2 hits, 0 errors, 2 left on base; Lansing 2 - Kane County 0
TOP OF THE 5TH
Lansing Lugnuts batting - Pitching for Kane County Cougars : RHP Chris Heath
Batting: LHB Will Houle 0-0: Ball
1-0: Foul Ball, location: 25F
1-1: Ball
2-1: Fly out, F7 (Flyball, 7LM, EV 82.5 MPH)
Batting: RHB Travis St. Pierre 0-0: Ball
1-0: Called Strike
1-1: Swinging Strike
1-2: Foul Ball, location: 7LMF
1-2: Strikes out swinging
Batting: LHB Hugh McPhearson 0-0: Ball
1-0: Ground out U3 (Groundball, 3, EV 81.9 MPH)
Top of the 5th over - 0 runs, 0 hits, 0 errors, 0 left on base; Lansing 2 - Kane County 0
BOTTOM OF THE 5TH
Kane County Cougars batting - Pitching for Lansing Lugnuts : RHP August Wichsberger
Batting: RHB Jim Unknown 0-0: Ball
1-0: Called Strike
1-1: Foul Ball, location: 2F
1-2: Foul Ball, location: 2F
1-2: Strikes out swinging
Batting: RHB Jim Unknown 0-0: Called Strike
0-1: Ball
1-1: Called Strike
1-2: Ball
2-2: Foul Ball, location: 2F
2-2: Strikes out swinging
Batting: RHB Travis Ramirez 0-0: Ground out 6-3 (Groundball, 6, EV 92.5 MPH)
Bottom of the 5th over - 0 runs, 0 hits, 0 errors, 0 left on base; Lansing 2 - Kane County 0
TOP OF THE 6TH
Lansing Lugnuts batting - Pitching for Kane County Cougars : RHP Chris Heath
Batting: SHB Miguel Dominguez 0-0: Ball
1-0: Fly out, F9 (Flyball, 9, EV 88.8 MPH)
Batting: LHB Jon Kuduk 0-0: Called Strike
0-1: Ball
1-1: Fly out, F8 (Flyball, 8LS, EV 88.8 MPH)
Batting: RHB Devon Phillips 0-0: Fly out, F9 (Flyball, 89S, EV 85.0 MPH)
Top of the 6th over - 0 runs, 0 hits, 0 errors, 0 left on base; Lansing 2 - Kane County 0
BOTTOM OF THE 6TH
Kane County Cougars batting - Pitching for Lansing Lugnuts : RHP August Wichsberger
Batting: LHB Aaron Quintanilla 0-0: Ball
1-0: Ball
2-0: Called Strike
2-1: Ground out 4-3 (Groundball, 34D, EV 99.4 MPH)
Batting: RHB John Shirley 0-0: Ball
1-0: Called Strike
1-1: Foul Ball, location: 2F
1-2: Ball
2-2: Ball
3-2: Base on Balls
Batting: LHB Luis Alvarez 0-0: Ball
Wild Pitch!
John Shirley to second
1-0: Ball
2-0: Called Strike
2-1: DOUBLE (Line Drive, 9LS, EV 104.4 MPH)
John Shirley scores
Batting: SHB Brian Warfel 0-0: Ball
1-0: Fly out, F8 (Flyball, 8RS, EV 89.4 MPH)
Batting: LHB Daniel Evans 0-0: Called Strike
0-1: Ball
1-1: Ball
2-1: Called Strike
2-2: SINGLE (Line Drive, 34D, EV 109.4 MPH)
Luis Alvarez to third
Runner from 3rd tries for Home, SAFE, throw by RF to home
Batting: RHB Luke Arnold 0-0: Ball
1-0: Ball
2-0: Called Strike
2-1: SINGLE (Line Drive, 7LS, EV 86.9 MPH)
Daniel Evans to second
Batting: RHB Jim Unknown 0-0: Fly out, F7 (Flyball, 7D, EV 78.8 MPH)
Bottom of the 6th over - 2 runs, 3 hits, 0 errors, 2 left on base; Lansing 2 - Kane County 2
TOP OF THE 7TH
Lansing Lugnuts batting - Pitching for Kane County Cougars : RHP Chris Heath
Batting: LHB Alex Rangel 0-0: Ball
1-0: Ball
2-0: Ball
3-0: Base on Balls
Batting: RHB Jason McLaughlin 0-0: Swinging Strike
0-1: Foul Ball, location: 7LSF
0-2: Ball
1-2: Foul Ball, location: 3F
1-2: Ball
2-2: Ball
3-2: Fly out, F9 (Line Drive, 9, EV 89.4 MPH)
Batting: LHB Danny Crane 0-0: Called Strike
0-1: Called Strike
0-2: Ground out 4-3 (Groundball, 34D, EV 101.3 MPH)
Alex Rangel to second
Batting: LHB Will Houle 0-0: Ball
1-0: Ball
2-0: Foul Ball, location: 2F
2-1: Fly out, F9 (Flyball, 9LD, EV 105.0 MPH)
Top of the 7th over - 0 runs, 0 hits, 0 errors, 1 left on base; Lansing 2 - Kane County 2
BOTTOM OF THE 7TH
Kane County Cougars batting - Pitching for Lansing Lugnuts : RHP August Wichsberger
Batting: RHB Jim Unknown 0-0: Ground out 3-1 (Groundball, 34, EV 108.1 MPH)
Batting: RHB Travis Ramirez 0-0: Swinging Strike
0-1: Foul Ball, location: 3SF
0-2: Ball
1-2: Foul Ball, location: 2F
1-2: Strikes out swinging
Batting: LHB Aaron Quintanilla 0-0: Ball
1-0: Foul Ball, location: 7LSF
1-1: Ball
2-1: Foul Ball, location: 23F
2-2: Ball
3-2: Ground out 6-3 (Groundball, 6, EV 80.6 MPH)
Bottom of the 7th over - 0 runs, 0 hits, 0 errors, 0 left on base; Lansing 2 - Kane County 2
TOP OF THE 8TH
Lansing Lugnuts batting - Pitching for Kane County Cougars : RHP Chris Heath
Pitching: RHP Jesus Munoz
Batting: RHB Travis St. Pierre 0-0: Called Strike
0-1: Ball
1-1: Fly out, F8 (Flyball, 78XD, EV 86.9 MPH)
Batting: LHB Hugh McPhearson 0-0: Ball
1-0: Ball
2-0: Ball
3-0: Called Strike
3-1: SINGLE (Line Drive, 4D, EV 102.5 MPH)
Batting: SHB Miguel Dominguez 0-0: Foul Ball, location: 2F
0-1: Ball
1-1: 2-RUN HOME RUN (Flyball, 7D, EV 99.4 MPH), Distance : 378 ft
Batting: LHB Jon Kuduk 0-0: Ball
1-0: Foul Ball, location: 9LDF
1-1: Ground out U3 (Groundball, 3L, EV 100.6 MPH)
Batting: RHB Devon Phillips 0-0: Swinging Strike
0-1: Ball
1-1: Foul Ball, location: 23F
1-2: Strikes out swinging
Top of the 8th over - 2 runs, 2 hits, 0 errors, 0 left on base; Lansing 4 - Kane County 2
BOTTOM OF THE 8TH
Kane County Cougars batting - Pitching for Lansing Lugnuts : RHP August Wichsberger
Pitching: RHP Justin Forsythe
Batting: RHB John Shirley 0-0: Called Strike
0-1: Called Strike
0-2: Foul Ball, location: 9LMF
0-2: Ball
1-2: Foul Ball, location: 9LMF
1-2: Ball
2-2: Ball
3-2: Fly out, F8 (Flyball, 8RS, EV 92.5 MPH)
Batting: LHB Luis Alvarez 0-0: Swinging Strike
0-1: Foul Ball, location: 3DF
0-2: Foul Ball, location: 3FF
0-2: Fly out, F6 (Flyball, 56D, EV 87.5 MPH)
Batting: SHB Brian Warfel 0-0: Called Strike
0-1: Foul Ball, location: 2F
0-2: SOLO HOME RUN (Flyball, 7D, EV 98.1 MPH), Distance : 370 ft
Batting: LHB Daniel Evans 0-0: Called Strike
0-1: Ball
1-1: Ball
2-1: Ball
3-1: SINGLE (Line Drive, 7S, EV 108.8 MPH)
Batting: RHB Luke Arnold 0-0: Ground out 4-3 (Groundball, 34, EV 82.5 MPH)
Bottom of the 8th over - 1 run, 2 hits, 0 errors, 1 left on base; Lansing 4 - Kane County 3
TOP OF THE 9TH
Lansing Lugnuts batting - Pitching for Kane County Cougars : RHP Jesus Munoz
Batting: LHB Alex Rangel 0-0: Ball
1-0: Ball
2-0: Ball
3-0: Base on Balls
Batting: RHB Jason McLaughlin 0-0: SINGLE (Groundball, 34S, EV 76.9 MPH) (infield hit)
Alex Rangel to second
Batting: LHB Danny Crane 0-0: Called Strike
0-1: Foul Ball, location: 25F
0-2: Foul Ball, location: 3SF
0-2: Strikes out swinging
Batting: LHB Will Houle 0-0: Ball
1-0: Swinging Strike
1-1: Ball
2-1: Ball
3-1: Swinging Strike
3-2: Base on Balls
Alex Rangel to third
Jason McLaughlin to second
Batting: RHB Travis St. Pierre 0-0: Ball
1-0: Foul Ball, location: 5FF
1-1: Grounds into double play, 4-2-3 (Groundball, 13, EV 82.5 MPH)
Top of the 9th over - 0 runs, 1 hit, 0 errors, 2 left on base; Lansing 4 - Kane County 3
BOTTOM OF THE 9TH
Kane County Cougars batting - Pitching for Lansing Lugnuts : RHP Justin Forsythe
Now at 1B: Dave Bautista
Pinch Hitting: SHB Bobby Chase 0-0: Called Strike
0-1: Ball
1-1: Called Strike
1-2: Ground out 4-3 (Groundball, 34D, EV 102.5 MPH)
Batting: RHB Jim Unknown 0-0: Ball
1-0: Ball
2-0: Ground out 6-3 (Groundball, 6M, EV 101.9 MPH)
Batting: RHB Travis Ramirez 0-0: Fly out, F9 (Flyball, 9D, EV 94.4 MPH)
Bottom of the 9th over - 0 runs, 0 hits, 0 errors, 0 left on base; Lansing 4 - Kane County 3
Sunday, May 12th , 2024 - OOTP Baseball 24.11 Build 85